 Dungeon Crawl Stone Soup version 0.19.0-2-gae57169 (webtiles) character file.

77 Pepeogr the Ruffian (level 4, -8/37 (40) HPs)
             Began as a Ghoul Monk on Nov 6, 2016.
             Was a Believer of Dithmenos.
             Mangled by feamirim's ghost (12 damage)
             ... on level 3 of the Dungeon.
             The game lasted 00:13:39 (1871 turns).

Pepeogr the Ruffian (Ghoul Monk)                    Turns: 1871, Time: 00:13:39

HP:   -8/37 (40)    AC:  5    Str: 14 (15) XL:     4   Next: 33%
MP:   3/3           EV: 12    Int:  5      God:    Dithmenos [**....]
Gold: 96            SH:  0    Dex: 10 (11) Spells: 0 memorised, 3 levels left

rFire  + . .     SeeInvis .       - Unarmed
rCold  + + .     Gourm    .     a - +2 robe
rNeg   + + +     Faith    .     (no shield)
rPois  ∞         Spirit   .     (no helmet)
rElec  +         Reflect  .     (no cloak)
rCorr  +         Harm     .     (no gloves)
MR     .....                    i - +0 pair of boots
Stlth  ++........               (no amulet)
                                (no ring)
                                (no ring)

@: resistant, rotting, wreathed by umbra
A: rotting body, claws 1, carnivore 3, cold resistance 1, negative energy
resistance 3, slow regeneration 1, torment resistance, unbreathing
a: Shadow Step, Renounce Religion


You were on level 3 of the Dungeon.
You worshipped Dithmenos.
Dithmenos was pleased with you.
You were not hungry.

You visited 1 branch of the dungeon, and saw 3 of its levels.

You collected 96 gold pieces.

Inventory:

Armour
 a - a +2 robe (worn)
 e - a +0 chain mail
 i - a +0 pair of boots (worn)
Jewellery
 b - an uncursed ring of fire
 g - an uncursed ring of wizardry
 j - an uncursed ring of magical power
Scrolls
 c - a scroll of remove curse
 d - a scroll of amnesia
Comestibles
 f - a beef jerky


   Skills:
 + Level 3.9 Fighting
 + Level 3.0 Dodging
 * Level 2.2 Stealth
 * Level 4.7 Unarmed Combat


You had 3 spell levels left.
You didn't know any spells.

Dungeon Overview and Level Annotations

Branches:
Dungeon (3/15)

Altars:
Dithmenos

Annotations:
D:3 feamirim's ghost, amateur DsFi


Innate Abilities, Weirdness & Mutations

Your body is rotting away.
You thrive on raw meat.
You are immune to poison.
You have sharp fingernails.
You are carnivorous and can eat meat at any time.
Your flesh is cold resistant. (rC+)
You are immune to negative energy. (rN+++)
You regenerate slowly when monsters are visible.
You are immune to unholy pain and torment.
You can survive without breathing.


Message History

You scratch feamirim's ghost but do no damage.
Feamirim's ghost is almost destroyed.
The adder closely misses you. The frilled lizard misses you.
Feamirim's ghost closely misses you.
You scratch feamirim's ghost but do no damage.
Feamirim's ghost is almost destroyed.
The adder misses you. The frilled lizard bites you.
* * * LOW HITPOINT WARNING * * *
Feamirim's ghost misses you.
You scratch feamirim's ghost but do no damage.
Feamirim's ghost is almost destroyed.
The adder completely misses you. The frilled lizard misses you.
The adder barely misses you. Feamirim's ghost closely misses you.
You scratch feamirim's ghost but do no damage.
Feamirim's ghost is almost destroyed.
The adder barely misses you. The frilled lizard barely misses you.
You scratch feamirim's ghost but do no damage.
Feamirim's ghost is almost destroyed.
Feamirim's ghost hits you!
You die...

........#
#.#
#######.#
#.# ..# #.#
..#
####.###
..#
#......#
..#
#......#
#......#
#..l...#
..##..W@..#
......S.###
........#
........#
.......(#
##.####.#
#. #.# #
#.# ...


You could see feamirim's ghost, an adder and a frilled lizard.

Vanquished Creatures
  Robin (D:3)
  An adder (D:2)
  An ooze (D:2)
  4 dart slugs
  A leopard gecko (D:2)
  2 giant cockroaches
  9 goblins
  11 hobgoblins
  A quokka (D:2)
  A bat (D:2)
  A frilled lizard (D:2)
  5 kobolds
  5 rats
43 creatures vanquished.

Vanquished Creatures (others)
  2 goblins (D:3)
  A hobgoblin (D:3)
3 creatures vanquished.

Grand Total: 46 creatures vanquished

Notes
Turn   | Place    | Note
-------+----------+-------------------------------------------
     0 | D:1      | Pepeogr the Ghoul Monk began the quest for the Orb.
     0 | D:1      | Reached XP level 1. HP: 19/19 MP: 0/0
   153 | D:1      | Reached XP level 2. HP: 20/27 MP: 1/1
   700 | D:1      | Reached XP level 3. HP: 31/32 MP: 2/2
   756 | D:1      | You fall through a shaft!
   810 | D:2      | Reached skill level 4 in Unarmed Combat
   902 | D:2      | Found a faded altar of an unknown god.
   950 | D:2      | Found a shadowy altar of Dithmenos.
   964 | D:2      | Became a worshipper of Dithmenos the Shadowed
   964 | D:2      | Reached * piety under Dithmenos
   964 | D:2      | Reached ** piety under Dithmenos
  1475 | D:3      | Reached XP level 4. HP: 37/37 MP: 3/3
  1482 | D:3      | Noticed Robin
  1503 | D:3      | Killed Robin
  1850 | D:3      | Noticed feamirim's ghost (amateur DsFi)
  1871 | D:3      | Mangled by feamirim's ghost

Skill      XL: |  1  2  3 |
---------------+----------+-----
Unarmed Combat | 4 |  4.7
Dodging        | 3 |  3.0
Fighting       | |  3.9
Stealth        | |  2.2

Action                   |  1- 3 |  4- 6 || total
-------------------------+-------+-------++-------
Melee: Unarmed           |   107 |    44 ||   151
       Punch             |     1 |       ||     1
  Use: Potion            |     3 |     1 ||     4
       Scroll            |     9 |     1 ||    10
  Eat: Chunk             |     5 |       ||     5
       Meat ration       |     1 |       ||     1
Armor: Robe              |    21 |     7 ||    28
       Chain mail        |     1 |       ||     1
Dodge: Dodged            |    54 |    46 ||   100
